 Dungeon Crawl Stone Soup version 0.29.1-13-g9f3cf754e1 (webtiles) character file.

Game seed: 9091291886717762516

52 promet the Sneak (level 3, -8/24 HPs)
             Began as an Octopode Brigand on Feb 9, 2023.
             Killed from afar by Ijyb (16 damage)
             ... with a bolt of acid
             ... on level 3 of the Dungeon.
             The game lasted 00:08:13 (2555 turns).

promet the Sneak (Octopode Brigand)                 Turns: 2555, Time: 00:08:26

Health: -8/24      AC:  1    Str: 10    XL:     3   Next: 85%
Magic:  3/3        EV: 12    Int: 13    God:
Gold:   191        SH:  0    Dex: 15    Spells: 2/2 levels left

rFire   . . .      SeeInvis .   a - +1 lajatang (vamp)
rCold   . . .      Faith    .   (shield currently unavailable)
rNeg    . . .      Spirit   .   (helmet restricted)
rPois   .          Reflect  .   (no amulet)
rElec   .          Harm     .   (no ring)
rCorr   .          Rampage  .   (no ring)
Will    .....                   (no ring)
Stlth   ++++......              (no ring)
HPRegen 0.08/turn               (no ring)
MPRegen 0.08/turn               (no ring)
                                (no ring)
                                (no ring)

@: no status effects
A: almost no armour, amphibious, 8 rings, camouflage 1, gelatinous body 1,
(nimble swimmer 1), tentacles
a: no special abilities


You were on level 3 of the Dungeon.
You visited 1 branch of the dungeon, and saw 3 of its levels.

You collected 191 gold pieces.

Inventory:

Hand Weapons
 a - a +1 vampiric lajatang (weapon)
 e - a +2 dagger
 f - a +1 dagger of venom
 h - a +0 quarterstaff of draining
Missiles
 b - 14 poisoned darts (quivered)
 c - 3 curare-tipped darts
 d - 14 stones
Wands
 g - a wand of polymorph (5)
Scrolls
 i - 2 scrolls of amnesia
Potions
 j - a potion of might
 k - 3 potions of magic
 m - a potion of haste


   Skills:
 * Level 2.2 Fighting
 + Level 2.6 Short Blades
 * Level 1.0 Staves
 + Level 2.1 Throwing
 + Level 1.0 Dodging
 + Level 6.2 Stealth


You had 2 spell levels left.
You didn't know any spells.
Your spell library was empty.

Dungeon Overview and Level Annotations

Branches:
Dungeon (3/15)

Altars:

Shops:
D:2 [

Annotations:
D:2 1 runed translucent door, Crazy Yiuf
D:3 Ijyb


Innate Abilities, Weirdness & Mutations

You cannot wear most types of armour.
You are amphibious.
You can wear up to eight rings at the same time.
Your skin changes colour to match your surroundings (Stealth+).
Your rubbery body absorbs attacks. (AC +1, EV +1)
((You are camouflaged when in or above water. (Stealth+)))
You have tentacles for arms and can constrict up to eight enemies at once.


Message History

Your library has no spells.
Okay, then.
Okay, then.
Could not explore, unopened runed door.
Could not explore, unopened runed door.
(D) Dungeon
Where to? (? - help)
Okay, then.
Crazy Yiuf screams, "Announcement!
Cod sow tea."
You see here a +0 leather armour.
There is a stone staircase leading down here.
You climb downwards.
The hobgoblin shouts!
The adder hisses angrily.
Found three items.
There is a stone staircase leading up here.
You climb upwards.
Level annotation: 1 runed translucent door, Crazy Yiuf
There is a stone staircase leading down here.
There is a stone staircase leading down here.
You climb downwards.
Found 2 stones and a purple potion.
Found two stone staircases leading down.
There is a stone staircase leading up here.
m - a purple potion
d - 14 stones (gained 2)
Found 19 gold pieces.
As you read the scroll of identify, it crumbles to dust.
m - a potion of haste
There is a stone staircase leading down here.
You now have 191 gold pieces (gained 19).
Ijyb the Twisted Goblin comes into view.
She is wielding a +0 dagger of venom, wearing a +3 leather armour of positive energy and carrying a wand of acid (11).
A dart slug comes into view.
The helpless Ijyb fails to defend herself.
You hit Ijyb. Your grab misses Ijyb.
Ijyb is lightly wounded.
Ijyb zaps a wand.
The bolt of acid hits you!
Ouch! That really hurt!
Ijyb zaps a wand.
The bolt of acid hits you!
Ouch! That really hurt!
You die...

##...##
##.....##
#.......#
#.......#
#########
#.......#
##.......#
#.....#
.........#
##.....##
w......g.#
#...<...# #@#
#.......#
#.#####.......#
#....###.....##
####.# #..>.##
#.###.##.#
#..#..##>#
##...###.#
#..## #.# #..#
#.#


You could see Ijyb and a dart slug (asleep).

Vanquished Creatures
  An adder (D:2)
  A worm (D:2)
  2 dart slugs (D:1)
  3 bats
  5 endoplasms
  A giant cockroach (D:2)
  3 goblins
  2 hobgoblins (D:1)
  3 jackals (D:1)
  2 quokkas (D:1)
  A frilled lizard (D:1)
  4 kobolds (D:1)
  8 rats
36 creatures vanquished.

Vanquished Creatures (others)
  A plant (D:1)
1 creature vanquished.

Grand Total: 37 creatures vanquished

Notes
Turn   | Place    | Note
-------+----------+-------------------------------------------
     0 | D:1      | promet the Octopode Brigand began the quest for the Orb.
     0 | D:1      | Reached XP level 1. HP: 14/14 MP: 1/1
   593 | D:1      | Reached XP level 2. HP: 19/19 MP: 2/2
  1212 | D:1      | Reached skill level 6 in Stealth
  1212 | D:1      | Reached XP level 3. HP: 24/24 MP: 3/3
  1467 | D:1      | Identified a scroll of acquirement
  1467 | D:1      | Acquired a +1 vampiric lajatang
  2321 | D:2      | Reached skill level 1 in Staves
  2383 | D:2      | Found Ukhletuxi's Antique Armour Shoppe.
  2455 | D:2      | Found a runed translucent door.
  2456 | D:2      | Noticed Crazy Yiuf
  2552 | D:3      | Noticed Ijyb
  2555 | D:3      | Killed from afar by Ijyb

Illustrated notes

Levels and vault maps discovered:
D:1:      shiori_shiawase, layout_basic, serial_rivers,
          chequers_serial_rivers_marsh, chequers_serial_rivers_room_b,
          chequers_serial_rivers_micro_b, chequers_serial_rivers_small_3,
          chequers_serial_rivers_room_b, serial_bayou_crossing
D:2:      layout_loops_ring, serial_shops, nicolae_shop_behind_doors,
          uniq_crazy_yiuf_cottage
D:3:      layout_rooms, mainiacjoe_overflow_tiny_flanked,
          lemuel_zombie_altar_yredelemnul, serial_glass, glass_columns_a,
          glass_columns_b, item_on_display_a, minivault_19, uniq_ijyb

Skill      XL: |  1  2  3 |
---------------+----------+-----
Stealth        | 6 |  6.2
Staves         | 1 |  1.0
Fighting       | |  2.2
Short Blades   | |  2.6
Throwing       | |  2.1
Dodging        | |  1.0

Action                   || total
-------------------------++-------
Melee: Dagger            ||    50
       Constrict         ||    24
       Tentacles         ||    16
       Lajatang          ||    30
Throw: Dart              ||     1
  Use: Scroll            ||     9
       Potion            ||     2
 Stab: Sleeping          ||    12
Armor: Skin              ||     8
Dodge: Dodged            ||    37
